 Dungeon Crawl Stone Soup version 0.32-a0-40-g2adb59ae06 (webtiles) character file.

Game seed: 4171709672419825370

172 Dittersdorf the Trooper (level 5, 0/34 HPs)
             Began as a Gargoyle Fighter on Jan 24, 2024.
             Slain by an orc
             ... wielding a +0 mace
              (3 damage)
             ... on level 3 of the Dungeon.
             The game lasted 00:02:25 (2273 turns).

Dittersdorf the Trooper (Gargoyle Fighter)          Turns: 2273, Time: 00:02:26

Health: 0/34       AC: 11    Str: 28    XL:     5   Next: 52%
Magic:  5/5        EV:  9    Int:  8    God:
Gold:   127        SH:  4    Dex:  9    Spells: 4/4 levels left

rFire   . . .        a - +0 flail
rCold   . . .        c - +0 buckler
rNeg    + + .        b - +0 scale mail
rPois   ∞            (no helmet)
rElec   +            (no cloak)
rCorr   .            (no gloves)
SInv    .            (no boots)
Will    .....        (no amulet) Stlth
                     e - ring of positive energy
HPRegen 0.25/turn    r - +6 ring of strength
MPRegen 0.09/turn

%: no passive effects
@: no status effects
A: sickness immunity, AC +4, negative energy resistance 1, electricity
resistance, torment resistance 1, petrification resistance
a: no special abilities


You were on level 3 of the Dungeon.
You visited 1 branch of the dungeon, and saw 3 of its levels.

You collected 127 gold pieces.

Inventory:

Hand Weapons
 a - a +0 flail (weapon)
Armour
 b - a +0 scale mail (worn)
 c - a +0 buckler (worn)
 o - a +0 plate armour
Jewellery
 e - a ring of positive energy (left hand)
 r - a +6 ring of strength (right hand)
Wands
 n - a wand of charming (10)
Scrolls
 g - 4 scrolls of identify {unknown}
 k - a scroll of teleportation {unknown}
 l - a scroll of revelation {unknown}
 m - a scroll of poison {unknown}
 s - a scroll of vulnerability {unknown}
Potions
 d - 2 potions of might
 f - a potion of lignification {unknown}
 h - a potion of heal wounds {unknown}
 i - 2 potions of berserk rage {unknown}
 j - a potion of resistance {unknown}
 p - a potion of degeneration {unknown}
 q - a potion of brilliance {unknown}


   Skills:
 + Level 4.3 Fighting
 + Level 3.2 Maces & Flails
 + Level 4.3 Armour
 + Level 4.3 Shields


You had 4 spell levels left.
You didn't know any spells.
Your spell library contained the following spells:

 Spells                   Type           Power      Damage    Failure   Level
 Vhi's Electric Charge    Tloc/Air       0%         N/A       100%        4
 Arcjolt                  Conj/Air       0%         1d10      100%        5
 Maxwell's Capacitive Co  Air            0%         ∞         100%        8


Dungeon Overview and Level Annotations

Branches:
Dungeon (3/15)

Altars:
Nemelex Xobeh


Innate Abilities, Weirdness & Mutations

You are immune to sickness and miasma.
Your stone body is resilient. (AC +4)
You are immune to poison.
You resist negative energy. (rN+)
You are resistant to electric shocks. (rElec)
You are resistant to unholy torment.
You are immune to petrification.


Message History

You are too injured to fight recklessly!
You are too injured to fight recklessly!
You are too injured to fight recklessly!
You are too injured to fight recklessly!
You are too injured to fight recklessly!
You are too injured to fight recklessly!
You are too injured to fight recklessly!
You are too injured to fight recklessly!
You are too injured to fight recklessly!
You are too injured to fight recklessly!
You are too injured to fight recklessly!
You are too injured to fight recklessly!
You are too injured to fight recklessly!
You are too injured to fight recklessly!
You are too injured to fight recklessly!
You are too injured to fight recklessly!
You are too injured to fight recklessly!
You are too injured to fight recklessly!
You completely miss the orc priest.
You hear some strange, mumbled words.
A magic dart appears from out of thin air!
The magic dart hits you. You block the orc's attack.
The orc priest hits you but does no damage.
You barely miss the orc priest. The orc hits you with a +0 mace.
* * * LOW HITPOINT WARNING * * *
Something hits you but does no damage. You block the orc priest's attack.
You thump the orc priest!
The orc priest is severely wounded.
The orc hits you but does no damage. Something hits you.
* * * LOW HITPOINT WARNING * * *
The orc priest hits you but does no damage.
You sock the orc priest!
You kill the orc priest!
You block the orc's attack. Something hits you.
* * * LOW HITPOINT WARNING * * *
You block the orc's attack. Something hits you but does no damage.
Things that are here:
a +0 flail; a +0 ring mail The orc attacks as it pursues you!
The orc hits you with a +0 mace.
You die...

# ### # ... ..# # # #.#
#..# # # #. #.# #..#.#
##
####.##.######..#.#####.
.......@##..............
####.#{o##.###..#.#####.
#.#).##.###..........
#.....>...........###
####..............# #
#.##.###.####### #
#.##.# #†# # #.##.# #.#
# #.##.###.# #


You could see an orc.

Vanquished Creatures
  An orc priest (D:3)
  A hound (D:3)
  Jessica (D:2)
  2 adders
  A dart slug (D:2)
  A ribbon worm (D:2)
  5 orcs (D:3)
  9 ball pythons
  4 endoplasms
  4 giant cockroaches
  6 hobgoblins
  2 jackals (D:2)
  6 kobolds (D:1)
  A bat (D:1)
  3 frilled lizards
  6 goblins
  6 rats
59 creatures vanquished.

Notes
Turn   | Place    | Note
-------+----------+-------------------------------------------
     0 | D:1      | Dittersdorf the Gargoyle Fighter began the quest for the
                  | Orb.
     0 | D:1      | Reached XP level 1. HP: 14/14 MP: 1/1
   142 | D:1      | Reached XP level 2. HP: 19/19 MP: 2/2
   629 | D:1      | Reached XP level 3. HP: 20/23 MP: 3/3
  1170 | D:2      | Noticed Jessica
  1185 | D:2      | Killed Jessica
  1186 | D:2      | Reached XP level 4. HP: 17/29 MP: 4/4
  2172 | D:3      | Found a sparkling altar of Nemelex Xobeh.
  2222 | D:3      | Reached XP level 5. HP: 27/33 MP: 5/5
  2273 | D:3      | Slain by an orc

Illustrated notes

Levels and vault maps discovered:
D:1:      eino_arrival_cavern_a, layout_loops_ring
D:2:      layout_loops_corners, corexii_corridor_pit, minmay_door_square,
          uniq_jessica
D:3:      layout_loops_ring, nemelex_xobeh_ov_fountains_minmay,
          kennysheep_generic_room_16

Skill      XL: |  1  2  3  4 |
---------------+-------------+-----
Armour         | 4 |  4.3
Shields        | 4 |  4.3
Fighting       | 4 |  4.3
Maces & Flails | 3 |  3.2

Action                     |  1- 3 |  4- 6 || total
---------------------------+-------+-------++-------
  Melee: Flail             |    96 |   101 ||   197
 Armour: Scale mail        |    64 |    74 ||   138
  Dodge: Dodged            |    39 |    61 ||   100
  Block: Buckler           |    23 |    24 ||    47

Table legend: (Time is in decaauts)
 A = Elapsed time spent in this place.
 B = Non-inter-level travel time spent in this place.
 C = Inter-level travel time spent in this place.
 D = Time resting spent in this place.
 E = Time spent auto-exploring this place.
 F = Levels seen in this place.
 G = Mean time per level.
                   A        B        C        D        E       F      G
               +--------+--------+--------+--------+--------+-----+--------+
         Total |   2329 |   2241 |     88 |     28 |   1761 |   3 |  776.3 |
       Dungeon |   2329 |   2241 |     88 |     28 |   1761 |   3 |  776.3 |
               +--------+--------+--------+--------+--------+-----+--------+

Top non-repeatable levels by time:
     D:2: 940 daAuts
     D:1: 870 daAuts
     D:3: 518 daAuts
